 Dungeon Crawl Stone Soup version 0.31-a0-246-g8cbcc1cb85 (webtiles) character file.

Game seed: 7354253726957757873

254 qw the Shooter (level 5, 0/47 HPs)
             Began as a Minotaur Hexslinger on July 12, 2023.
             Frozen to death by an endoplasm (1 damage)
             ... on level 4 of the Dungeon.
             The game lasted 00:00:57 (2441 turns).

qw the Shooter (Minotaur Hexslinger)                Turns: 2441, Time: 00:00:58

Health: 0/47       AC:  6    Str: 12    XL:     5   Next: 91%
Magic:  5/5        EV: 11    Int: 10    God:
Gold:   65         SH:  0    Dex: 15    Spells: 5/6 levels left

rFire   . . .        c - +0 orcbow
rCold   . . .        (shield currently unavailable)
rNeg    . . .        f - +0 ring mail
rPois   .            (helmet restricted)
rElec   .            (no cloak)
rCorr   .            (no gloves)
SInv    .            h - +0 pair of boots
Will    .....        (no amulet)
Stlth   +            (no ring)
HPRegen 0.27/turn    (no ring)
MPRegen 0.09/turn

%: no passive effects
@: no status effects
A: horns 2, retaliatory headbutt
a: no special abilities


You were on level 4 of the Dungeon.
You visited 1 branch of the dungeon, and saw 4 of its levels.

You collected 114 gold pieces.
You spent 49 gold pieces at shops.


Innate Abilities, Weirdness & Mutations

You have a pair of horns on your head.
You reflexively headbutt those who attack you in melee.


   Skills:
 - Level 4.5 Fighting
 + Level 5.3 Ranged Weapons
 - Level 1.0 Armour
 - Level 2.1 Dodging
 - Level 1.0 Spellcasting
 - Level 2.0 Hexes


You had 5 spell levels left.
You knew the following spells:

 Your Spells              Type           Power      Damage    Failure   Level
a - Slow                  Hex            16%        N/A       34%         1

Your spell library contained the following spells:

 Spells                   Type           Power      Damage    Failure   Level
 Inner Flame              Hex/Fire       2%         N/A       83%         3
 Portal Projectile        Hex/Tloc       4%         N/A       83%         3
 Cause Fear               Hex            2%         N/A       98%         4

Inventory:

Hand Weapons
 c - a +0 orcbow (weapon)
Armour
 f - a +0 ring mail (worn)
 h - a +0 pair of boots (worn)
Potions
 a - a potion of magic {unknown}
 b - a potion of mutation {unknown}
 e - a potion of degeneration {unknown}
 g - a potion of might {unknown}
 i - a potion of curing {unknown}
 j - a potion of haste {unknown}

Dungeon Overview and Level Annotations

Branches:
Dungeon (4/15)
 Temple: D:4-7

Altars:
Qazlal

Shops:
D:4 (


Message History

The orc priest hits you but does no damage.
The wight hits you with a +0 long sword.
You shoot an arrow.
The arrow closely misses the orc priest.
The orc priest calls down the wrath of Beogh upon you.
Pain shoots through your body! The endoplasm hits you.
The wight hits you with a +0 long sword.
You feel drained.
You shoot an arrow.
The arrow closely misses the orc priest.
The orc priest barely misses you.
The wight hits you with a +0 long sword!
The endoplasm freezes you.
You are frozen.
The endoplasm hits you but does no damage.
The orc priest invokes the aid of Beogh against you.
Pain shoots through your body! The wight barely misses you.
You shoot an arrow. The arrow hits the orc priest!
You kill the orc priest!
The wight hits you with a +0 long sword.
The endoplasm hits you but does no damage.
Your life force feels restored.
You shoot an arrow.
The arrow hits the wight but does no damage.
The wight closely misses you. The endoplasm freezes you.
You are frozen.
You shoot an arrow. The arrow closely misses the wight.
The wight hits you with a +0 long sword.
The endoplasm freezes you.
You are frozen.
The endoplasm freezes you.
You are frozen.
The wight barely misses you. You furiously retaliate!
You headbutt the wight! You shoot an arrow. The arrow closely misses the wight.
The wight closely misses you. You furiously retaliate!
You headbutt the wight!
You destroy the wight!
The endoplasm freezes you.
You are frozen.
You die...

.. #..
#...#......+.....
..# #.#
#..#......######
#.# #.# #.#).....#
#:# #[###.......# .
#.# #.#..(...(.# ..
##.###.........#
...
#...#..........#
#.##
###.###J.##########
#. ......)@##
......)## .....##
..... .... ... ...


You could see an endoplasm.

Vanquished Creatures
  A black bear (D:4)
  A wight (D:4)
  An orc priest (D:4)
  4 gnolls
  3 adders
  A worm (D:3)
  2 dart slugs
  An orc (D:3)
  4 endoplasms
  A giant cockroach (D:2)
  4 goblins
  6 hobgoblins
  3 jackals (D:2)
  3 quokkas
  9 ball pythons
  6 bats
  2 frilled lizards
  6 kobolds
  9 rats
67 creatures vanquished.

Notes
Turn   | Place    | Note
-------+----------+-------------------------------------------
     0 | D:1      | qw the Minotaur Hexslinger began the quest for the Orb.
     0 | D:1      | Reached XP level 1. HP: 16/16 MP: 1/1
     0 | D:1      | 0 ||| qw: Version: 0.3-a-52-g30416fa
     0 | D:1      | 0 ||| qw: Game counter: 6477
     0 | D:1      | 0 ||| qw: Melee chars always use a shield: true
     0 | D:1      | 0 ||| qw: God list: Okawaru
     0 | D:1      | 0 ||| qw: Allow faded altars: false
     0 | D:1      | 0 ||| qw: Do Orc after clearing Dungeon:15 true
     0 | D:1      | 0 ||| qw: Do second Lair branch before Depths: true
     0 | D:1      | 0 ||| qw: Lair rune preference: random
     0 | D:1      | 0 ||| qw: Goals: Normal
     0 | D:1      | 0 ||| PLANNING D:1-11
    42 | D:1      | Reached skill level 3 in Ranged Weapons
    74 | D:1      | Found a faded altar of an unknown god.
    96 | D:1      | Reached XP level 2. HP: 23/23 MP: 2/2
   624 | D:1      | 624 ||| UPGRADING to +0 ring mail.
   634 | D:1      | 634 ||| DROPPING +0 robe.
   635 | D:1      | 635 ||| UPGRADING to +0 pair of boots.
   640 | D:1      | 640 ||| READING scroll labelled JUTISI LEUQIFF.
   641 | D:1      | 641 ||| DROPPING scroll of poison.
   664 | D:2      | Reached XP level 3. HP: 25/29 MP: 3/3
   804 | D:2      | Reached skill level 4 in Ranged Weapons
  1005 | D:2      | Reached skill level 1 in Armour
  1016 | D:2      | Identified the +5 tower shield "Lidelin" {Dex+4}
  1328 | D:2      | Reached XP level 4. HP: 36/36 MP: 4/4
  1344 | D:2      | 1344 ||| READING scroll labelled PETESTAXTE.
  1348 | D:2      | 1348 ||| READING scroll labelled EDDANAHASITZ.
  1647 | D:3      | Found a stormy altar of Qazlal.
  2115 | D:3      | 2115 ||| READING scroll labelled IMIF MOXIUNAJ.
  2116 | D:3      | 2116 ||| DRINKING 2 silvery potions.
  2163 | D:4      | Found Ekaot's Weapon Emporium.
  2168 | D:4      | 2168 ||| STAIRDANCE
  2205 | D:4      | 2205 ||| STAIRDANCE
  2212 | D:3      | Reached skill level 5 in Ranged Weapons
  2212 | D:3      | HP: 9/36 [gnoll/+0 whip (2)]
  2213 | D:3      | 2213 ||| DRINKING potion of heal wounds.
  2331 | D:4      | 2331 ||| BUYING +0 orcbow (49 gold).
  2331 | D:4      | Bought a +0 orcbow for 49 gold pieces
  2331 | D:4      | 2331 ||| SWAPPING to +0 orcbow.
  2332 | D:4      | 2332 ||| DROPPING +1 sling.
  2344 | D:4      | Noticed a black bear
  2347 | D:4      | Reached XP level 5. HP: 44/44 MP: 5/5
  2354 | D:4      | Killed a black bear
  2355 | D:4      | 2355 ||| FLEEEEING.
  2356 | D:4      | 2356 ||| FLEEEEING.
  2357 | D:4      | 2357 ||| FLEEEEING.
  2358 | D:4      | 2358 ||| FLEEEEING.
  2359 | D:4      | 2359 ||| FLEEEEING.
  2360 | D:4      | 2360 ||| STAIRDANCE
  2437 | D:4      | HP: 11/46 [orc priest/nerve-wracking pain (5)]
  2440 | D:4      | HP: 5/47 [wight/+0 long sword (2)]
  2440 | D:4      | HP: 1/47 [frozen (2)]
  2441 | D:4      | Frozen to death by an endoplasm

Levels and vault maps discovered:
D:1:      dpeg_arrival_water_temple_mockup, layout_rooms,
          shapermc_ecumenical_altar_pompeii, kennysheep_crisscross, minivault_11
D:2:      layout_loops_ring
D:3:      layout_loops_corners, lemuel_doored_altar
D:4:      layout_basic, makhleb_altar_promises_db, serial_shops,
          nicolae_stop_n_shop_2, minmay_manual_mail

Skill      XL: |  1  2  3  4  5 |
---------------+----------------+-----
Ranged Weapons | 3 4 5 |  5.3
Fighting       | 2 4 |  4.5
Armour         | 1 |  1.0
Dodging        | |  2.1
Spellcasting   | |  1.0
Hexes          | |  2.0

Action                     |  1- 3 |  4- 6 || total
---------------------------+-------+-------++-------
   Fire: Sling             |   123 |    62 ||   185
         Orcbow            |       |    29 ||    29
    Use: Scroll            |     1 |     3 ||     4
         Potion            |       |     2 ||     2
 Armour: Robe              |     5 |       ||     5
         Ring mail         |    16 |    19 ||    35
  Dodge: Dodged            |    29 |    57 ||    86

Table legend:
 A = Non-vault XP
 B = Vault XP
 C = Vault XP percentage of total XP
 D = Non-vault monster count
 E = Vault monster count
 F = Vault count percentage of total count
                 A         B        C        D         E       F
            +---------+---------+-------+---------+---------+-------
      Total |     323 |     115 |  26.3 |      65 |       2 |   3.0
            +---------+---------+-------+---------+---------+-------
        D:1 |      37 |       0 |   0.0 |      23 |       0 |   0.0
        D:2 |      61 |       0 |   0.0 |      22 |       0 |   0.0
        D:3 |      75 |       0 |   0.0 |      12 |       0 |   0.0
        D:4 |     150 |     115 |  43.4 |       8 |       2 |  20.0
            +---------+---------+-------+---------+---------+-------
